 Dungeon Crawl Stone Soup version 0.19-a0-1065-gdac414d (webtiles) character file.

233 ryw the Slasher (level 6, -1/47 HPs)
             Began as a Human Fighter on Aug 3, 2016.
             Slain by an iguana (7 damage)
             ... on level 4 of the Dungeon.
             The game lasted 00:05:28 (3357 turns).

ryw the Slasher (Human Fighter)                     Turns: 3357, Time: 00:05:29

Health: -1/47      AC: 12    Str: 19    XL:     6   Next: 25%
Magic:  6/6        EV:  7    Int:  8    God:
Gold:   166        SH:  9    Dex: 12    Spells: 0 memorised, 5 levels left

rFire  . . .     SeeInvis .     a - +0 long sword
rCold  . . .     Gourm    .     b - +0 scale mail
rNeg   . . .     Faith    .     c - +0 shield
rPois  .         Spirit   .     o - +1 helmet
rElec  .         Dismiss  .     m - +0 cloak
rCorr  .         Reflect  .     x - +0 pair of gloves
SustAt .         Harm     .     u - +0 pair of boots
MR     +....     Clarity  +     (no amulet)
Stlth  ..........               (no ring)
                                (no ring)

@:
A: clarity, magic resistance 1
a: no special abilities


You were on level 4 of the Dungeon.
You were not hungry.

You visited 1 branch of the dungeon, and saw 4 of its levels.

You collected 166 gold pieces.

Inventory:

Hand Weapons
 a - a +0 long sword (weapon)
Missiles
 q - 4 tomahawks (quivered)
Armour
 b - a +0 scale mail (worn)
 c - a +0 shield (worn)
 m - a +0 cloak (worn)
 o - a +1 helmet (worn)
 u - a +0 pair of boots (worn)
 x - a +0 pair of gloves (worn)
Scrolls
 d - a scroll of magic mapping
 e - 4 scrolls of identify
 g - a scroll of teleportation {unknown}
 i - a scroll of fog {unknown}
Potions
 j - a potion of cure mutation {unknown}
 n - 2 potions of brilliance {unknown}
 p - a potion of agility {unknown}
 v - a potion of magic {unknown}
Comestibles
 f - a bread ration
 h - 2 beef jerkies
 k - 2 meat rations
 l - 2 chunks of flesh


   Skills:
 - Level 3.0 Fighting
 + Level 6.1 Long Blades
 - Level 3.0 Armour
 - Level 3.0 Shields


You had 5 spell levels left.
You didn't know any spells.

Dungeon Overview and Level Annotations

Branches:
Dungeon (4/15)
 Temple: D:4-7

Altars:


Innate Abilities, Weirdness & Mutations

You possess an exceptional clarity of mind.
You are resistant to hostile enchantments. (MR+)


Message History

* * * LOW HITPOINT WARNING * * *
You are too injured to fight recklessly!
You are too injured to fight recklessly!
You are too injured to fight recklessly!
You are too injured to fight recklessly!
You hit the iguana but do no damage.
The iguana is almost dead.
The iguana barely misses you.
You closely miss the iguana.
The iguana is almost dead.
The iguana bites you!
* * * LOW HITPOINT WARNING * * *
The iguana closely misses you.
You hit the iguana but do no damage.
The iguana is almost dead.
The iguana bites you but does no damage.
You hit the iguana but do no damage.
The iguana is almost dead.
The iguana bites you!
You die...

#.#.#.#...[.#.#
#.#.#.#.#.#.#.#
########.#.#.#.#.### #
#######
#.....<..#.#.#.#..
(...(..
#.########.#.#.#######.
####### .#...........
######.#######.
........l.......
########@######.
###.........#
............#
###.........#
#.........#
#............
#............
#............
#............


You could see an iguana.

Vanquished Creatures
  A scorpion (D:4)
  A howler monkey (D:4)
  Jessica (D:3)
  3 adders (D:3)
  An ooze (D:1)
  2 worms
  A dart slug (D:4)
  3 giant geckos
  An orc (D:3)
  A ball python (D:1)
  4 giant cockroaches
  9 goblins
  10 hobgoblins
  4 jackals (D:2)
  6 kobolds
  13 bats
  3 giant newts
  4 rats
68 creatures vanquished.

Notes
Turn   | Place    | Note
-------+----------+-------------------------------------------
     0 | D:1      | ryw the Human Fighter began the quest for the Orb.
     0 | D:1      | Reached XP level 1. HP: 18/18 MP: 1/1
   283 | D:1      | Reached XP level 2. HP: 24/24 MP: 2/2
   394 | D:1      | Reached skill level 3 in Long Blades
   503 | D:1      | Reached XP level 3. HP: 27/29 MP: 3/3
  1218 | D:2      | Reached skill level 4 in Long Blades
  1218 | D:2      | Reached XP level 4. HP: 34/35 MP: 4/4
  1863 | D:3      | Noticed Jessica
  1866 | D:3      | Killed Jessica
  1866 | D:3      | Reached XP level 5. HP: 19/41 MP: 5/5
  2131 | D:3      | Reached skill level 5 in Long Blades
  2870 | D:4      | HP: 2/41 [iguana (4)]
  2894 | D:4      | Gained mutation: You are resistant to hostile enchantments. (MR+) [potion of mutation]
  2894 | D:4      | Gained mutation: You possess an exceptional clarity of mind. [potion of mutation]
  2895 | D:4      | HP: 2/41 [iguana (9)]
  3276 | D:4      | Reached XP level 6. HP: 47/47 MP: 6/6
  3328 | D:4      | Reached skill level 6 in Long Blades
  3357 | D:4      | Slain by an iguana

Vault maps used:
D:1:      elethiomel_arrival_quiet, hex_medium
D:2:      kennysheep_generic_room_15
D:3:      uniq_jessica
D:4:      first_bread

Skill      XL: |  1  2  3  4  5  6 |
---------------+-------------------+-----
Long Blades    | 3 4 5 6 |  6.1
Fighting       | |  3.0
Armour         | |  3.0
Shields        | |  3.0

Action                   |  1- 3 |  4- 6 || total
-------------------------+-------+-------++-------
Melee: Long sword        |   125 |   194 ||   319
Throw: Tomahawk          |       |     4 ||     4
  Use: Potion            |       |     3 ||     3
       Scroll            |       |     5 ||     5
  Eat: Chunk             |     1 |     7 ||     8
Armor: Scale mail        |    54 |    92 ||   146
Dodge: Dodged            |    36 |    51 ||    87
Block: Shield            |    54 |    78 ||   132
